General information
- name: BNet
- type: Ladder team game (AT/RT)
- host: Battle.net
- saver: Owl
map: Northshire_LV
- players: 8
- length: 27:53
- speed: Fast
- version: 1.29 W3XP
- replay type: Public
» download(329 KB)
Players
team 1 (winner)
CondylomataLata (
orange | 84 APM | 2344 actions | 27:53)
6 Death Knight
3 Death Coil
3 Unholy Aura
5 Lich
3 Frost Nova
1 Frost Armor
1 Dark Ritual
5 Dark Ranger
2 Silence
3 Black Arrow
» actions
| Assign group hotkey | 27 | |
| Basic commands | 97 | |
| Build / train | 110 | |
| ESC pressed | 2 | |
| Enter build submenu | 21 | |
| Enter hero's abilities submenu | 17 | |
| Give item / drop item | 3 | |
| Right click | 1078 | |
| Select / deselect | 444 | |
| Select group hotkey | 424 | |
| Use ability | 121 | |
2344 total
» units
| Acolyte | 12 | |
| Ghoul | 2 | |
| Crypt Fiend | 4 | |
| Goblin Shredder | 2 | |
| Obsidian Statue | 7 | |
| Frost Wyrm | 12 | |
39 total
» upgrades
| Creature Attack | 3 | |
| Web | 1 | |
| Freezing Breath | 1 | |
| Creature Carapace | 3 | |
| Exhume Corpses | 1 | |
| Destroyer Form | 1 | |
| Disease Cloud | 1 | |
| Unholy Strength | 1 | |
| Unholy Armor | 1 | |
| Backpack | 1 | |
| Cannibalize | 1 | |
| Burrow | 1 | |
| Ghoul Frenzy | 1 | |
| Stone Form | 1 | |
18 total
» buildings
| Graveyard | 1 | |
| Crypt | 1 | |
| Altar of Darkness | 1 | |
| Ziggurat | 10 | |
| Tomb of Relics | 1 | |
| Nerubian Tower | 2 | |
| Halls of the Dead | 1 | |
| Necropolis | 1 | |
| Black Citadel | 2 | |
| Sacrificial Pit | 1 | |
| Slaughterhouse | 1 | |
| Boneyard | 3 | |
25 total
» build order
00:11 Graveyard
00:14 Crypt
00:46 Altar of Darkness
01:01 Ziggurat
01:27 Tomb of Relics
02:04 Ziggurat
02:36 Nerubian Tower
02:36 Nerubian Tower
04:51 Halls of the Dead
05:13 Necropolis
05:45 Ziggurat
07:19 Black Citadel
07:19 Black Citadel
07:32 Sacrificial Pit
07:33 Slaughterhouse
09:41 Boneyard
09:42 Boneyard
09:45 Boneyard
09:48 Ziggurat
09:50 Ziggurat
09:51 Ziggurat
11:05 Ziggurat
11:06 Ziggurat
13:29 Ziggurat
13:30 Ziggurat
» items
| Rod of Necromancy | 5 | |
| Orb of Corruption | 1 | |
| Potion of Lesser Invulnerability | 2 | |
| Scroll of Protection | 1 | |
| Scroll of Healing | 1 | |
| Scroll of Town Portal | 2 | |
12 total
iMAGiNE] (
green | 125 APM | 3495 actions | 27:53)
5 Archmage
3 Summon Water Elemental
2 Brilliance Aura
4 Goblin Alchemist
2 Acid Bomb
2 Healing Spray
» actions
| Assign group hotkey | 269 | |
| Basic commands | 470 | |
| Build / train | 95 | |
| ESC pressed | 7 | |
| Enter build submenu | 28 | |
| Enter hero's abilities submenu | 10 | |
| Give item / drop item | 1 | |
| Remove unit from queue | 1 | |
| Right click | 1015 | |
| Select / deselect | 554 | |
| Select group hotkey | 941 | |
| Use ability | 104 | |
3495 total
» units
| Peasant | 9 | |
| Footman | 4 | |
| Goblin Shredder | 1 | |
| Goblin Zeppelin | 1 | |
| Priest | 9 | |
| Sorceress | 8 | |
| Mortar Team | 4 | |
| Rifleman | 9 | |
| Spell Breaker | 1 | |
| Flying Machine | 8 | |
54 total
» upgrades
| Long Rifles | 1 | |
| Flare | 1 | |
| Gunpowder | 3 | |
| Swords | 2 | |
| Plating | 1 | |
| Armor | 3 | |
| Fragmentation Shards | 1 | |
| Flak Cannons | 1 | |
| Priest Training | 2 | |
15 total
» buildings
| Altar of Kings | 1 | |
| Farm | 14 | |
| Barracks | 1 | |
| Arcane Vault | 1 | |
| Keep | 2 | |
| Blacksmith | 1 | |
| Lumber Mill | 1 | |
| Scout Tower | 1 | |
| Town Hall | 1 | |
| Arcane Sanctum | 2 | |
| Workshop | 1 | |
| Castle | 1 | |
27 total
» build order
00:09 Altar of Kings
00:12 Farm
00:49 Barracks
01:02 Farm
01:34 Farm
01:58 Arcane Vault
02:27 Farm
02:48 Keep
02:48 Keep
03:05 Farm
03:43 Farm
03:44 Farm
04:23 Blacksmith
04:27 Lumber Mill
05:48 Scout Tower
05:50 Farm
06:31 Town Hall
06:49 Arcane Sanctum
06:54 Arcane Sanctum
07:23 Workshop
07:44 Farm
07:46 Farm
07:51 Farm
07:52 Farm
07:55 Farm
08:00 Farm
09:04 Castle
» items
| Scroll of Regeneration | 2 | |
| Lesser Clarity Potion | 1 | |
| Scroll of Town Portal | 2 | |
| Staff of Teleportation | 1 | |
6 total
okok (
pink | 147 APM | 4086 actions | 27:53)
6 Death Knight
3 Death Coil
1 Death Pact
1 Unholy Aura
1 Animate Dead
5 Lich
3 Frost Nova
2 Frost Armor
» actions
| Assign group hotkey | 76 | |
| Build / train | 104 | |
| ESC pressed | 8 | |
| Enter build submenu | 24 | |
| Enter hero's abilities submenu | 11 | |
| Give item / drop item | 6 | |
| Right click | 1116 | |
| Select / deselect | 367 | |
| Select group hotkey | 2266 | |
| Use ability | 108 | |
4086 total
» units
| Acolyte | 16 | |
| Ghoul | 7 | |
| Crypt Fiend | 6 | |
| Obsidian Statue | 6 | |
| Gargoyle | 14 | |
| Frost Wyrm | 4 | |
53 total
» upgrades
| Web | 1 | |
| Burrow | 1 | |
| Creature Attack | 3 | |
| Creature Carapace | 3 | |
| Destroyer Form | 1 | |
| Ghoul Frenzy | 1 | |
| Stone Form | 1 | |
| Freezing Breath | 1 | |
12 total
» buildings
| Ziggurat | 9 | |
| Altar of Darkness | 1 | |
| Crypt | 2 | |
| Graveyard | 1 | |
| Nerubian Tower | 2 | |
| Tomb of Relics | 2 | |
| Necropolis | 1 | |
| Halls of the Dead | 1 | |
| Spirit Tower | 10 | |
| Slaughterhouse | 1 | |
| Sacrificial Pit | 1 | |
| Black Citadel | 1 | |
| Boneyard | 2 | |
34 total
» build order
00:14 Ziggurat
00:19 Altar of Darkness
00:42 Crypt
01:11 Graveyard
01:33 Ziggurat
01:44 Nerubian Tower
02:09 Tomb of Relics
03:49 Ziggurat
05:58 Necropolis
06:17 Halls of the Dead
06:54 Ziggurat
07:05 Ziggurat
07:08 Tomb of Relics
07:22 Ziggurat
07:22 Ziggurat
07:37 Ziggurat
07:44 Spirit Tower
07:49 Spirit Tower
07:49 Spirit Tower
08:26 Spirit Tower
08:26 Spirit Tower
08:27 Spirit Tower
08:30 Spirit Tower
08:34 Nerubian Tower
08:34 Spirit Tower
08:58 Spirit Tower
10:26 Crypt
10:50 Ziggurat
11:05 Slaughterhouse
11:06 Sacrificial Pit
11:51 Black Citadel
11:54 Spirit Tower
16:24 Boneyard
16:26 Boneyard
» items
| Rod of Necromancy | 3 | |
| Dust of Appearance | 1 | |
| Potion of Lesser Invulnerability | 1 | |
| Scroll of Town Portal | 3 | |
| Potion of Healing | 2 | |
| Potion of Mana | 1 | |
| Orb of Corruption | 1 | |
12 total

»
Owl (
teal | 85 APM | 2375 actions | 27:53)
9 Dreadlord
3 Vampiric Aura
3 Carrion Swarm
1 Inferno
2 Sleep
» actions
| Assign group hotkey | 50 | |
| Basic commands | 148 | |
| Build / train | 88 | |
| Enter build submenu | 32 | |
| Enter hero's abilities submenu | 9 | |
| Give item / drop item | 3 | |
| Remove unit from queue | 3 | |
| Right click | 888 | |
| Select / deselect | 393 | |
| Select group hotkey | 678 | |
| Use ability | 82 | |
2375 total
» units
| Acolyte | 13 | |
| Ghoul | 9 | |
| Gargoyle | 23 | |
45 total
» upgrades
| Cannibalize | 1 | |
| Creature Attack | 3 | |
| Creature Carapace | 4 | |
| Stone Form | 1 | |
| Burrow | 1 | |
| Web | 1 | |
| Unholy Strength | 1 | |
| Unholy Armor | 1 | |
13 total
» buildings
| Crypt | 4 | |
| Ziggurat | 18 | |
| Altar of Darkness | 1 | |
| Nerubian Tower | 1 | |
| Halls of the Dead | 1 | |
| Tomb of Relics | 1 | |
| Graveyard | 1 | |
| Necropolis | 3 | |
| Black Citadel | 1 | |
| Spirit Tower | 3 | |
34 total
» build order
00:09 Crypt
00:19 Ziggurat
00:42 Altar of Darkness
01:25 Ziggurat
01:30 Nerubian Tower
02:36 Halls of the Dead
03:12 Tomb of Relics
03:42 Ziggurat
04:37 Graveyard
06:51 Crypt
07:39 Necropolis
08:56 Ziggurat
08:57 Black Citadel
13:18 Necropolis
13:27 Ziggurat
13:44 Crypt
13:44 Crypt
14:06 Ziggurat
16:26 Ziggurat
16:26 Ziggurat
16:26 Ziggurat
16:27 Ziggurat
19:48 Spirit Tower
20:10 Ziggurat
20:38 Ziggurat
20:39 Ziggurat
20:44 Ziggurat
21:42 Spirit Tower
23:21 Spirit Tower
23:29 Necropolis
27:29 Ziggurat
27:30 Ziggurat
27:30 Ziggurat
27:30 Ziggurat
» items
| Rod of Necromancy | 1 | |
| Scroll of Town Portal | 3 | |
| Orb of Corruption | 1 | |
| Scroll of Healing | 1 | |
| Potion of Healing | 1 | |
| Scroll of Protection | 2 | |
| Boots of Speed | 1 | |
10 total
team 2 (loser)
ERhammerstone1 (
blue | 85 APM | 2009 actions | 23:34)
3 Blademaster
2 Critical Strike
1 Wind Walk
1 Shadow Hunter
1 Healing Wave
» actions
| Assign group hotkey | 14 | |
| Basic commands | 33 | |
| Build / train | 67 | |
| ESC pressed | 1 | |
| Enter build submenu | 17 | |
| Enter hero's abilities submenu | 4 | |
| Give item / drop item | 2 | |
| Right click | 1152 | |
| Select / deselect | 507 | |
| Select group hotkey | 136 | |
| Use ability | 76 | |
2009 total
» units
| Peon | 11 | |
| Grunt | 8 | |
| Goblin Shredder | 1 | |
| Kodo Beast | 1 | |
| Raider | 7 | |
| Shaman | 5 | |
33 total
» upgrades
| Ensnare | 1 | |
| Shaman Training | 2 | |
| Armor | 1 | |
| Berserker Strength | 1 | |
5 total
» buildings
| Altar of Storms | 1 | |
| Orc Burrow | 6 | |
| Voodoo Lounge | 1 | |
| Barracks | 1 | |
| Stronghold | 1 | |
| Great Hall | 2 | |
| Fortress | 2 | |
| War Mill | 1 | |
| Beastiary | 2 | |
| Spirit Lodge | 1 | |
18 total
» build order
00:07 Altar of Storms
00:24 Orc Burrow
01:21 Voodoo Lounge
01:31 Barracks
01:50 Orc Burrow
02:39 Orc Burrow
03:35 Stronghold
05:29 Great Hall
05:57 Orc Burrow
06:49 Great Hall
07:43 Fortress
07:43 Fortress
07:47 War Mill
07:49 Beastiary
07:50 Beastiary
07:54 Spirit Lodge
11:07 Orc Burrow
11:08 Orc Burrow
» items
| Healing Salve | 6 | |
| Lesser Clarity Potion | 4 | |
| Potion of Mana | 1 | |
| Boots of Speed | 1 | |
| Orb of Lightning | 1 | |
| Potion of Healing | 1 | |
| Scroll of Town Portal | 1 | |
15 total
Newbs (
yellow | 34 APM | 780 actions | 23:04)
6 Priestess of the Moon
3 Trueshot Aura
2 Scout
1 Starfall
» actions
| Basic commands | 49 | |
| Build / train | 67 | |
| Enter build submenu | 20 | |
| Enter hero's abilities submenu | 6 | |
| Give item / drop item | 4 | |
| Right click | 307 | |
| Select / deselect | 266 | |
| Use ability | 61 | |
780 total
» units
» upgrades
| Strength of the Wild | 3 | |
| Reinforced Hides | 2 | |
| Corrosive Breath | 1 | |
6 total
» buildings
| Moon Well | 7 | |
| Altar of Elders | 1 | |
| Ancient of Wonders | 2 | |
| Hunter's Hall | 1 | |
| Tree of Ages | 1 | |
| Tree of Eternity | 1 | |
| Ancient of Wind | 3 | |
| Chimaera Roost | 3 | |
| Tree of Life | 1 | |
20 total
» build order
00:22 Moon Well
01:01 Altar of Elders
01:16 Moon Well
02:06 Ancient of Wonders
02:11 Moon Well
02:25 Hunter's Hall
02:50 Moon Well
02:57 Tree of Ages
04:47 Moon Well
05:19 Tree of Eternity
05:42 Moon Well
05:50 Moon Well
06:28 Ancient of Wind
07:44 Chimaera Roost
07:45 Chimaera Roost
07:48 Chimaera Roost
15:38 Tree of Life
16:11 Ancient of Wonders
19:46 Ancient of Wind
19:46 Ancient of Wind
» items
| Boots of Speed | 1 | |
| Anti-magic Potion | 1 | |
| Scroll of Town Portal | 3 | |
| Scroll of Protection | 1 | |
| Scroll of Healing | 1 | |
7 total
ruebs_solo (
purple | 52 APM | 1459 actions | 27:52)
6 Crypt Lord
2 Carrion Beetles
3 Impale
1 Locust Swarm
4 Dreadlord
2 Carrion Swarm
2 Vampiric Aura
1 Demon Hunter
1 Metamorphosis
» actions
| Assign group hotkey | 10 | |
| Basic commands | 69 | |
| Build / train | 83 | |
| ESC pressed | 5 | |
| Enter build submenu | 26 | |
| Enter hero's abilities submenu | 11 | |
| Give item / drop item | 4 | |
| Remove unit from queue | 3 | |
| Right click | 708 | |
| Select / deselect | 419 | |
| Select group hotkey | 9 | |
| Use ability | 112 | |
1459 total
» units
| Acolyte | 11 | |
| Ghoul | 7 | |
| Crypt Fiend | 13 | |
| Goblin Zeppelin | 1 | |
| Obsidian Statue | 3 | |
| Kobold Geomancer | 1 | |
| Forest Troll High Priest | 1 | |
| Frost Wyrm | 4 | |
| Gargoyle | 4 | |
| Wisp | 3 | |
48 total
» upgrades
| Creature Attack | 3 | |
| Creature Carapace | 4 | |
| Web | 1 | |
| Freezing Breath | 1 | |
9 total
» buildings
| Crypt | 2 | |
| Altar of Darkness | 1 | |
| Ziggurat | 8 | |
| Tomb of Relics | 1 | |
| Graveyard | 1 | |
| Necropolis | 7 | |
| Halls of the Dead | 2 | |
| Black Citadel | 1 | |
| Slaughterhouse | 1 | |
| Spirit Tower | 3 | |
| Sacrificial Pit | 1 | |
| Boneyard | 2 | |
30 total
» build order
00:10 Crypt
00:30 Altar of Darkness
00:38 Ziggurat
01:21 Tomb of Relics
01:26 Ziggurat
02:08 Graveyard
04:30 Ziggurat
05:09 Necropolis
05:34 Crypt
05:54 Halls of the Dead
05:54 Halls of the Dead
06:58 Ziggurat
06:59 Ziggurat
09:14 Black Citadel
10:56 Slaughterhouse
11:32 Spirit Tower
11:34 Spirit Tower
11:47 Sacrificial Pit
13:45 Boneyard
13:47 Boneyard
13:49 Spirit Tower
16:49 Ziggurat
24:11 Ziggurat
24:13 Ziggurat
25:55 Necropolis
26:47 Necropolis
27:00 Necropolis
27:09 Necropolis
27:30 Necropolis
27:36 Necropolis
» items
| Rod of Necromancy | 1 | |
| Orb of Corruption | 1 | |
| Scroll of Town Portal | 1 | |
3 total

»
Weaboo2 (
red | 81 APM | 1756 actions | 21:37)
5 Demon Hunter
2 Mana Burn
3 Evasion
1 Keeper of the Grove
1 Entangling Roots
» actions
| Assign group hotkey | 41 | |
| Basic commands | 85 | |
| Build / train | 92 | |
| Enter build submenu | 22 | |
| Enter hero's abilities submenu | 6 | |
| Give item / drop item | 3 | |
| Remove unit from queue | 11 | |
| Right click | 963 | |
| Select / deselect | 289 | |
| Select group hotkey | 202 | |
| Use ability | 41 | |
1756 total
» units
| Wisp | 17 | |
| Archer | 4 | |
| Glaive Thrower | 2 | |
| Hippogryph | 21 | |
| Dryad | 14 | |
| Druid of the Claw | 1 | |
59 total
» upgrades
| Druid of the Claw Training | 1 | |
| Strength of the Wild | 1 | |
| Nature's Blessing | 1 | |
| Well Spring | 1 | |
| Abolish Magic | 1 | |
| Moon Armor | 1 | |
6 total
» buildings
| Altar of Elders | 1 | |
| Moon Well | 5 | |
| Ancient of War | 1 | |
| Tree of Ages | 2 | |
| Hunter's Hall | 1 | |
| Tree of Eternity | 1 | |
| Ancient of Wind | 1 | |
| Ancient of Wonders | 1 | |
| Ancient of Lore | 1 | |
| Tree of Life | 2 | |
| Ancient Protector | 1 | |
17 total
» build order
00:08 Altar of Elders
00:11 Moon Well
00:21 Ancient of War
01:23 Moon Well
02:34 Tree of Ages
02:35 Tree of Ages
03:20 Hunter's Hall
03:36 Moon Well
05:27 Tree of Eternity
05:30 Ancient of Wind
05:39 Ancient of Wonders
05:46 Ancient of Lore
10:27 Moon Well
10:31 Moon Well
11:38 Tree of Life
11:52 Tree of Life
13:44 Ancient Protector
» items
| Circlet of Nobility | 1 | |
| Potion of Lesser Invulnerability | 1 | |
| Dust of Appearance | 1 | |
| Staff of Teleportation | 1 | |
| Scroll of Town Portal | 1 | |
5 total
Chat log
(00:11 / All) Newbs: what it look like
(00:26 / Allies) Owl: newbs will go mortars if huan
(00:33 / All) Newbs: fat bald tall short hairy ugly?
(00:36 / Allies) Owl: and raiders if orc
(00:54 / All) CondylomataLata: you remember that dude they locked in the closet on the goonies?
(00:54 / All) Newbs: yall like My new patch?
(01:07 / All) Newbs: yeah, the baby ruth guy
(01:10 / All) Newbs: sloth
(01:13 / All) CondylomataLata: like that
(01:18 / All) Newbs: ahahahahh
(01:27 / All) Newbs: give that fool a candy bar
(01:49 / All) Newbs: goonies, one hit wonder for all those newb kid actors
(01:56 / All) Newbs: chunks and his fat belly
(01:57 / Allies) Owl: plan?
(03:25 / All) Newbs: some guy got dumped by his girlfriend because he told her the Truth
(04:18 / All) Newbs: her face a little below average, she sports trashy nasty looking tatoos from the gutter
(04:34 / All) Newbs: however when her boyfriend told her she has a nasty fat beer gut
(04:38 / All) Newbs: she got mad and dumped him
(04:40 / All) Newbs: ahahhah
(05:09 / All) Newbs: a broad with tattoos and a nasty looking beer gut
(05:13 / All) Newbs: she did that guy a favor
(05:28 / All) Newbs: she couldnt handle the Truth
(06:12 / All) Newbs: her fatass needs to remove those tats and swith to wine instead of beer if she likes drinking
(06:18 / All) Newbs: switch
(07:00 / Allies) CondylomataLata: 2 chase me
(10:40 / Allies) okok: no sleep?
(10:52 / Allies) Owl: carrior swarm
(10:56 / Allies) okok: kk
(11:49 / Allies) CondylomataLata: get orc burrow
(11:56 / Allies) CondylomataLata: or not
(11:59 / Allies) CondylomataLata: go there just hit
(13:15 / Allies) CondylomataLata: b
(14:36 / Allies) Owl: b
(14:39 / Allies) okok: b
(14:39 / Allies) okok: b
(14:40 / Allies) okok: b
(14:42 / Allies) okok: b
(14:42 / Allies) okok: b
(14:51 / Allies) okok: b
(14:51 / Allies) okok: b
(14:52 / Allies) okok: b
(14:52 / Allies) okok: b
(14:52 / Allies) okok: b
(14:55 / Allies) CondylomataLata: come
(14:57 / Allies) okok: will
(16:06 / Allies) okok: need tp
(16:39 / Allies) Owl: getting boots too
(16:50 / Allies) CondylomataLata: k let's let them get heroes back then go
(16:51 / Allies) CondylomataLata: k?
(20:39 / All) Newbs: gg, told these newbs to mass they didnt want to obey Me
(20:48 / All) Newbs: thought I was bluffing
(20:49 / All) iMAGiNE]: mass is win
(20:51 / All) ruebs_solo: nice name
(21:03 / Allies) Owl: He added a new skill to his reportroire, mass chim!
(21:15 / All) ERhammerstone1: you do lose more games than you win newbs
(21:25 / All) Newbs: cause of newbs and team killers like you
(21:33 / All) iMAGiNE]: i get those
(21:34 / All) Newbs: been tked 400 times
(21:35 / All) iMAGiNE]: im 50/50
(21:50 / All) ERhammerstone1: lol at least I have over 50% win rate
(22:00 / All) iMAGiNE]: in 4s tho
(22:01 / All) iMAGiNE]: lol
(22:04 / All) Newbs: someone teall blue, 4s is nothing
(22:12 / All) Newbs: 4s prove no skill
(22:21 / All) ERhammerstone1: then again in a game from 2003
(22:26 / All) iMAGiNE]: only pros still play
(22:29 / All) iMAGiNE]: in 2018
(22:29 / All) iMAGiNE]: so
(22:33 / All) iMAGiNE]: thats not really an excuse
(22:39 / All) Newbs: still the best game around
(22:45 / All) ERhammerstone1: what you in the pro scene?
(22:49 / All) Newbs: lazy asses at blizzard wont release WC4
(22:55 / All) ERhammerstone1: i bet not
(22:55 / All) iMAGiNE]: you can catch me on twitch and youtube
(22:57 / All) iMAGiNE]: yeah
(23:19 / All) iMAGiNE]: 4s is how i warm up to play solo
(23:23 / All) iMAGiNE]: its like a light jog
(23:24 / All) CondylomataLata: ohhh noooo
(23:27 / All) ERhammerstone1: and in 2018 so no
(23:32 / All) iMAGiNE]: this ist he only rts
(23:34 / All) iMAGiNE]: in 2018.
(23:38 / Allies) iMAGiNE]: lmfao
(23:44 / All) Owl: DL seems pretty beasty now
(23:50 / All) iMAGiNE]: thats like saying oh you play hockey
(23:52 / All) iMAGiNE]: what is that
(23:56 / All) iMAGiNE]: 200 years old?
(25:39 / All) CondylomataLata: pink even getting the mines
(25:42 / All) CondylomataLata: that's cold
(25:48 / All) CondylomataLata: extra buildings on score
(26:03 / Allies) CondylomataLata: 2 copter btw
(26:05 / Allies) CondylomataLata: and rifle
(26:09 / Allies) iMAGiNE]: ty
(26:19 / All) Owl: WE HAE YOU SURROUNDED
(26:22 / All) Owl: COME OUT WITH YOUR HANDS UP
(26:43 / All) CondylomataLata: ben roflsberger